AoeStats
← 王俊阴的凯蒂

Highland

503870349Analyzed
3v3 RM · 1mo ago on Sep 2, 2026· 43m 31s· 6 players
Game mode
Random Map
Map size
Normal (6 player)
Population
200
Speed
Normal
Resources
Standard
Victory
Conquest
Starting age
Dark Age
Ending age
Imperial Age
RankedLock teamsTeams togetherTeam positionsShared explorationLock speedFull tech treeHidden civsTurbo modeCheats
Victory
Defeat
🇮🇳 Khmer · India
1067
+13
🇮🇳 Armenians · India
1065
+13
🇮🇳 Romans · India
1050
+14
🇨🇳 Slavs · China
1044
-15
🇨🇳 Huns · China
998
-38
🇨🇳 Khitans · China
990
-13
王俊阴的凯蒂
10:05 Feudal Age
10:40 Horse Collar
11:10 Double-Bit Axe
12:15 Loom
18:08 Castle Age
21:33 Heavy Plow
22:32 Bow Saw
24:29 Wheelbarrow
23:49 Gold Mining
23:49 Stone Mining
27:03 Hand Cart
29:23 Imperial Age
29:06 Detinets
29:49 Gold Shaft Mining
29:49 Forging
29:44 Scale Barding Armor
30:45 Crop Rotation
31:15 Two-Man Saw
30:21 Elite Boyar
31:23 Conscription
32:45 Iron Casting
32:30 Chain Barding Armor
34:26 Blast Furnace
36:53 Chemistry
36:14 Ballistics
36:00 Siege Engineers
35:52 Murder Holes
36:33 Plate Barding Armor
37:13 Bloodlines
37:03 Husbandry
37:47 Man-at-Arms
38:28 Squires
38:47 Long Swordsman
39:28 Scale Mail Armor
40:06 Two-Handed Swordsman
41:37 Chain Mail Armor
40:47 Champion
42:57 Plate Mail Armor
andy
1:05 Loom
13:22 Feudal Age
18:07 Castle Age
16:02 Double-Bit Axe
19:14 Squires
23:29 Bow Saw
25:38 Domestication
29:15 Fervor
33:27 Imperial Age
31:35 Wheelbarrow
32:15 Forging
32:05 Scale Mail Armor
32:47 Treadmill Crane
33:03 Murder Holes
32:58 Town Watch
33:19 Gold Mining
34:49 Iron Casting
34:31 Chain Mail Armor
35:07 Devotion
35:14 Atonement
35:38 Sanctity
35:49 Illumination
36:13 Fortified Wall
36:25 Ballistics
37:03 Siege Engineers
37:09 Masonry
38:00 Chemistry
38:21 Conscription
39:28 Elite Fire Lancer
43:00 Hand Cart
露头就挂
10:19 Feudal Age
12:24 Double-Bit Axe
15:07 Horse Collar
20:39 Castle Age
21:23 Gold Mining
21:25 Stone Mining
22:48 Bow Saw
22:40 Heavy Plow
26:17 Forging
28:39 Caravan
32:39 Gold Shaft Mining
35:53 Imperial Age
34:51 Bloodlines
34:42 Husbandry
38:25 Iron Casting
38:49 Cavalier
43:37 Murder Holes
GuptasLegacy
11:59 Feudal Age
12:36 Horse Collar
12:43 Double-Bit Axe
18:38 Castle Age
20:01 Heavy Plow
20:14 Bow Saw
23:27 Gold Mining
26:22 Gold Shaft Mining
27:28 Wheelbarrow
26:42 Town Watch
26:46 Loom
30:09 Imperial Age
27:51 Forging
28:13 Town Patrol
29:00 Hand Cart
29:03 Stone Mining
29:16 Scale Mail Armor
29:16 Man-at-Arms
30:46 Iron Casting
30:27 Chain Mail Armor
30:00 Gambesons
30:00 Long Swordsman
32:47 Blast Furnace
31:10 Two-Handed Swordsman
32:30 Squires
32:16 Arson
32:04 Champion
33:05 Fereters
33:21 Conscription
34:39 Plate Mail Armor
34:01 Fletching
38:30 Bodkin Arrow
kundan
8:46 Loom
11:08 Feudal Age
17:40 Castle Age
15:33 Double-Bit Axe
16:37 Horse Collar
18:46 Bow Saw
18:53 Heavy Plow
20:46 Wheelbarrow
23:17 Hand Cart
31:36 Imperial Age
30:26 Ballistics
30:17 Fortified Wall
33:14 Scale Mail Armor
33:24 Forging
33:20 Squires
32:41 Pikeman
33:08 Heavy Scorpion
34:02 Siege Engineers
34:58 Chemistry
34:19 Chain Mail Armor
33:30 Halberdier
36:16 Iron Casting
36:22 Capped Ram
37:14 Ballistas
37:30 Conscription
37:33 Siege Ram
40:14 Man-at-Arms
40:58 Long Swordsman
43:12 Blast Furnace
41:41 Legionary
Shanu
2:06 Loom
12:11 Feudal Age
12:59 Horse Collar
19:14 Castle Age
17:31 Gold Mining
17:35 Stone Mining
18:03 Double-Bit Axe
19:56 Heavy Plow
20:17 Bow Saw
26:50 Wheelbarrow
26:38 Town Watch
27:22 Pikeman
29:38 Scale Mail Armor
29:49 Forging
30:22 Hand Cart
32:21 Gold Shaft Mining
35:17 Imperial Age
33:34 Town Patrol
33:53 Arson
34:56 Fortified Wall
35:36 Chain Mail Armor
35:57 Iron Casting
35:35 Halberdier
36:53 Ballistics
37:35 Chemistry
36:09 Capped Ram
36:47 Man-at-Arms
37:36 Siege Ram
41:50 Blast Furnace
41:50 Conscription
Connection lost

Rejoining the realm…

Still unreachable

The connection could not be restored.

Session expired

The server has moved on; the page needs a fresh start.